 Dungeon Crawl Stone Soup version 0.19.1 (webtiles) character file.

275 Kriby the Chopper (level 6, 0/56 HPs)
             Began as a Minotaur Berserker on Dec 28, 2016.
             Was a Believer of Trog.
             Slain by Terence
             ... wielding a +0 mace
              (5 damage)
             ... on level 2 of the Dungeon.
             The game lasted 00:08:25 (1913 turns).

Kriby the Chopper (Minotaur Berserker)              Turns: 1913, Time: 00:08:25

Health: 0/56       AC:  5    Str: 22    XL:     6   Next: 3%
Magic:  5/5        EV: 11    Int:  4    God:    Trog [**....]
Gold:   95         SH:  0    Dex: 11    Spells: 0 memorised, 5 levels left

rFire  . . .     SeeInvis .     a - +0 hand axe
rCold  . . .     Gourm    .     h - +0 ring mail (curse)
rNeg   . . .     Faith    .     (no shield)
rPois  .         Spirit   .     (helmet restricted)
rElec  .         Reflect  .     (no cloak)
rCorr  .         Harm     .     (no gloves)
MR     ++...     Rnd*Tele +     (no boots)
Stlth  +.........               (no amulet)
                                r - ring of teleportation (curse)
                                (no ring)

@: regenerating
A: retaliatory headbutt, horns 2
a: Berserk, Trog's Hand, Burn Spellbooks, Renounce Religion


You were on level 2 of the Dungeon.
You worshipped Trog.
Trog was pleased with you.
You were hungry.

You visited 1 branch of the dungeon, and saw 3 of its levels.

You collected 95 gold pieces.

Inventory:

Hand Weapons
 a - a +0 hand axe (weapon)
Armour
 h - a cursed +0 ring mail (worn)
Jewellery
 q - an uncursed ring of ice
 r - a cursed ring of teleportation (right hand)
 t - an uncursed amulet of rage
Scrolls
 e - 2 scrolls of fear {unknown}
 i - 2 scrolls of noise {unknown}
 j - 4 scrolls of identify {unknown}
 l - a scroll of teleportation {unknown}
 m - 2 scrolls of immolation {unknown}
 n - a scroll of enchant armour {unknown}
Potions
 b - a potion of heal wounds {unknown}
 d - a potion of degeneration {unknown}
 g - 4 potions of curing {unknown}
 k - 3 potions of haste {unknown}
 s - a potion of cancellation {unknown}
 u - a potion of brilliance {unknown}
Comestibles
 c - 3 bread rations
 f - a fruit
 o - 2 meat rations
 p - 8 chunks of flesh


   Skills:
 + Level 5.0 Fighting
 * Level 6.3 Axes
 + Level 2.8 Throwing
 - Level 2.4 Armour
 - Level 2.1 Dodging


You had 5 spell levels left.
You didn't know any spells.

Dungeon Overview and Level Annotations

Branches:
Dungeon (3/15)

Altars:
Trog

Annotations:
D:2 Terence


Innate Abilities, Weirdness & Mutations

You reflexively headbutt those who attack you in melee.
You have a pair of horns on your head.


Message History

Terence barely misses you.
The orc priest invokes the aid of Beogh against you.
Beogh smites you!
* * * LOW HITPOINT WARNING * * *
Unknown command.
There are monsters nearby!
The orc wizard miscasts a cantrip.
There is an open door, spattered with blood here.
There is a stone staircase leading up here.
Terence hits you with a mace.
* * * LOW HITPOINT WARNING * * *
The orc wizard gestures wildly while chanting.
The orc wizard seems to speed up.
You climb upwards.
There is a stone staircase leading down here.
Your skin crawls.
You feel resistant to hostile enchantments.
You are feeling hungry.
Terence hits you with a mace.
You die...

#.....# ###### #.....# .....####
#.....# ###.....# #...### #.....#
#...# ####### #....[##
#...#####.)...#
####.....###.###.........#
.........................#
................@........#
####.....#.#####.@.......#
#.....+.# #)..####### #.....###
#....# #.#'### #....####
####.#.#########.......##########
.................................
......#############....#########.
.####.###### #..............


You could see Terence.

Vanquished Creatures
  Sigmund (D:3)
  An adder (D:3)
  3 gnolls (D:2)
  2 oozes
  A worm (D:2)
  2 dart slugs (D:2)
  A leopard gecko (D:2)
  An orc (D:3)
  A giant cockroach (D:2)
  8 goblins
  9 hobgoblins
  10 jackals
  5 kobolds
  A quokka (D:2)
  7 bats
  4 frilled lizards
  4 rats
61 creatures vanquished.

Notes
Turn   | Place    | Note
-------+----------+-------------------------------------------
     0 | D:1      | Kriby the Minotaur Berserker began the quest for the Orb.
     0 | D:1      | Reached XP level 1. HP: 19/19 MP: 0/0
   106 | D:1      | Reached skill level 4 in Axes
   110 | D:1      | Reached skill level 1 in Throwing
   151 | D:1      | Reached XP level 2. HP: 26/26 MP: 1/1
   625 | D:2      | Reached XP level 3. HP: 33/33 MP: 2/2
   646 | D:2      | Found a bloodstained altar of Trog.
   790 | D:2      | Reached ** piety under Trog
  1104 | D:2      | Reached skill level 5 in Axes
  1104 | D:2      | Reached XP level 4. HP: 37/40 MP: 3/3
  1840 | D:3      | Noticed Sigmund
  1849 | D:3      | Killed Sigmund
  1849 | D:3      | Reached skill level 5 in Fighting
  1849 | D:3      | Reached skill level 6 in Axes
  1849 | D:3      | Reached XP level 5. HP: 38/48 MP: 4/4
  1875 | D:3      | Reached XP level 6. HP: 46/56 MP: 5/5
  1890 | D:3      | Noticed Terence
  1913 | D:2      | Slain by Terence

Skill      XL: |  1  2  3  4 |
---------------+-------------+-----
Axes           | 4 5 6 |  6.3
Throwing       | 1 2 |  2.8
Fighting       | 4 5 |  5.0
Armour         | |  2.4
Dodging        | |  2.1

Action                   |  1- 3 |  4- 6 || total
-------------------------+-------+-------++-------
Melee: Hand axe          |    72 |    57 ||   129
       Headbutt          |    13 |    10 ||    23
Invok: Trog's Hand       |       |     1 ||     1
  Eat: Chunk             |     1 |     2 ||     3
Armor: Ring mail         |    32 |    12 ||    44
Dodge: Dodged            |    53 |    32 ||    85
